Map: Worldship

Players

tylerlavally

  • Race: Terran Terran
  • Spawn Location: 7:00

DikPound - Winner!

  • Race: Terran Terran
  • League: Gold
  • Spawn Location: 1:00

VOD

Have the link to the VOD?

Description

Time

  • Played on: March 4, 2022, 6:36 a.m.
  • Length: 9:15
Show
View Real Time Build Order
Export as new Build Order

tylerlavally Terran 

Build Orders:  

Get SALT Encoding   

  12  2:00  SCV  
  13  2:12  SCV, Supply Depot  
  14  2:35  Barracks  
  14  2:42  Engineering Bay  
  14  2:44  SCV  
  15  2:57  SCV  
  16  3:09  SCV  
  16  3:12  Missile Turret  
  17  3:21  SCV  
  17  3:24  Marine  
  19  3:35  Missile Turret  
  19  3:41  Marine  
  19  3:42  Refinery  
  19  3:47  Missile Turret  
  20  3:55  Missile Turret  
  20  3:58  SCV  
  21  4:07  Missile Turret  
  21  4:10  SCV  
  22  4:23  Missile Turret  
  22  4:51  Marine  
  23  5:03  Command Center  
  23  5:06  Orbital Command  
  23  5:17  Supply Depot  
  23  5:39  Marine  
  23  5:40  Supply Depot  
  24  5:58  Refinery  
  24  6:08  SCV  
  25  6:20  SCV  
  26  6:32  SCV  
  27  6:44  SCV  
  28  6:53  Missile Turret  
  28  6:56  SCV  
  29  7:03  Missile Turret  
  29  7:08  SCV  
  30  7:20  SCV  
  31  7:24  Missile Turret  
  31  7:29  Barracks Reactor  
  31  7:33  SCV  
  29  7:45  SCV  
Show
View Real Time Build Order
Export as new Build Order

DikPound Terran - Winner!

Build Orders:  

Get SALT Encoding   

  12  0:00  SCV  
  13  0:12  SCV  
  14  0:20  Supply Depot  
  14  0:40  SCV  
  15  0:57  Barracks  
  15  1:00  Barracks  
  15  1:08  SCV  
  16  1:14  Barracks  
  16  1:32  Refinery  
  16  1:35  SCV  
  17  1:47  SCV, Marine x2  
  20  1:59  SCV  
  21  2:05  Marine  
  22  2:16  Marine  
  23  2:23  Supply Depot  
  23  2:45  Orbital Command, Marine x3  
  26  3:02  Marine x3  
  29  3:20  Marine x2  
  29  3:27  Factory  
  31  3:29  Supply Depot  
  31  3:50  Marine x3  
  34  3:57  Supply Depot  
  34  4:04  Refinery  
  34  4:08  SCV, Marine x3  
  38  4:20  Widow Mine  
  40  4:26  SCV, Marine x3  
  44  4:43  Starport  
  44  4:52  Marine x3  
  47  5:04  Supply Depot  
  47  5:26  SCV, Marine x2, Medivac  
  52  5:48  SCV  
  53  5:50  Widow Mine  
  55  6:02  Supply Depot  
  55  6:08  Supply Depot  
  55  6:23  Marine x3  
  55  6:24  Viking, SCV  
  61  6:31  Supply Depot  
  61  7:15  Supply Depot  
  61  7:17  Medivac  
  61  7:18  SCV  
  61  7:19  Marine x3  
  64  8:09  Marine x3  
  67  8:27  Marine x3  
  70  8:44  Marine  
  70  8:45  Marine x2  
Tags
 
League
Gold
Matchup
TvT
Race
Terran
Spawn Locations
Cross Positions
Add a new tag
Caveats
  • Supply blocks, unpowered buildings, or Contaminate may cause inaccurate times.
  • Supply counts are checked every 10 seconds.